 Dungeon Crawl Stone Soup version 0.23.1-44-gbd83930989 (webtiles) character file.

Game seed: 762552535609181699

39 tennessine the Sneak (level 3, -1/24 HPs)
             Began as a Halfling Assassin on Mar 31, 2019.
             Splashed by a jelly's acid (9 damage)
             ... on level 2 of the Dungeon.
             The game lasted 00:05:50 (1050 turns).

tennessine the Sneak (Halfling Assassin)            Turns: 1050, Time: 00:05:51

Health: -1/24      AC: -3    Str: 12    XL:     3   Next: 67%
Magic:  3/3        EV: 13    Int:  9    God:
Gold:   113        SH:  0    Dex: 16    Spells: 2/2 levels left

rFire    . . .     SeeInvis .   a - +2 dagger
rCold    . . .     Gourm    .   (shield restricted)
rNeg     . . .     Faith    .   r - +0 leather armour
rPois    .         Spirit   .   (no helmet)
rElec    .         Reflect  .   d - +0 cloak
rCorr    .         Harm     .   (no gloves)
MR       .....                  t - +0 pair of boots
Stlth    +++.......             (no amulet)
HPRegen  0.08/turn              (no ring)
MPRegen  0.08/turn              (no ring)

@: corroded
A: small, mutation resistance 1
a: no special abilities


You were on level 2 of the Dungeon.
You were not hungry.

You visited 1 branch of the dungeon, and saw 2 of its levels.

You collected 113 gold pieces.

Inventory:

Hand Weapons
 a - a +2 dagger (weapon)
 b - a +0 blowgun
 j - a +0 short sword of holy wrath
Missiles
 e - 8 poisoned needles
 f - 2 curare-tipped needles
 u - 5 javelins
Armour
 c - a +0 robe
 d - a +0 cloak (worn)
 r - a +0 leather armour (worn)
 t - a +0 pair of boots (worn)
Jewellery
 y - a cursed ring of teleportation {unknown}
Scrolls
 h - 2 scrolls of amnesia {unknown}
 i - 3 scrolls of identify {unknown}
 o - a scroll of blinking {unknown}
 q - a scroll of fog {unknown}
 v - a scroll of remove curse {unknown}
 w - a scroll of enchant armour {unknown}
Potions
 k - a potion of ambrosia {unknown}
 l - a potion of might {unknown}
 m - 2 potions of curing {unknown}
 n - a potion of mutation {unknown}
 p - a potion of heal wounds
 s - a potion of agility {unknown}
 x - a potion of flight {unknown}
 z - a potion of brilliance {unknown}
 A - 2 potions of cancellation {unknown}
Comestibles
 g - 5 rations


   Skills:
 - Level 1.7 Fighting
 - Level 4.0 Short Blades
 - Level 2.0 Throwing
 - Level 1.1 Dodging
 + Level 4.9 Stealth


You had 2 spell levels left.
You didn't know any spells.
Your spell library was empty.

Dungeon Overview and Level Annotations

Branches:
Dungeon (2/15)

Altars:
Ashenzari


Innate Abilities, Weirdness & Mutations

You are small and have problems with some larger weapons.
You are somewhat resistant to further mutation.


Message History

You hit the jelly.
Your hands burn!
* * * LOW HITPOINT WARNING * * *
The jelly is heavily wounded.
The jelly misses you.
It was a potion of heal wounds.
You feel much better. The jelly hits you. The acid corrodes you!
You are splashed with acid!
You hit the jelly.
Your hands burn!
The jelly is heavily wounded.
The jelly misses you.
You hit the jelly.
Your hands burn!
* * * LOW HITPOINT WARNING * * *
The jelly is severely wounded.
The jelly barely misses you.
You feel much better. The jelly hits you. The acid corrodes you!
You are splashed with acid!
You hit the jelly but do no damage.
Your hands burn!
The jelly is severely wounded.
The jelly hits you.
You are splashed with acid!
You die...

......[.##...#####.#.#
###
........##.#######.#.#
#.#####
##......##..)....#.#.#
#....<#
#......########.#.#.#
#.##### #.#.#.####.#
#.#...##...#
#.##..##.###
#J#......# #@##.#####
#.##.## #.....#
#######


You could see a jelly.

Vanquished Creatures
  An ooze (D:2)
  5 bats (D:1)
  5 giant cockroaches (D:1)
  3 goblins
  4 hobgoblins
  4 kobolds
  A ball python (D:1)
  2 frilled lizards (D:1)
  9 rats
34 creatures vanquished.

Notes
Turn   | Place    | Note
-------+----------+-------------------------------------------
     0 | D:1      | tennessine the Halfling Assassin began the quest for the
                  | Orb.
     0 | D:1      | Reached XP level 1. HP: 14/14 MP: 1/1
   207 | D:1      | Reached XP level 2. HP: 19/19 MP: 2/2
   420 | D:1      | Reached XP level 3. HP: 24/24 MP: 3/3
   771 | D:2      | Found a shattered altar of Ashenzari.
  1050 | D:2      | Splashed by a jelly's acid

Skill      XL: |  1  2 |
---------------+-------+-----
Short Blades   | 3 4 |  4.0
Fighting       | |  1.7
Throwing       | |  2.0
Dodging        | |  1.1
Stealth        | |  4.9

Action                   || total
-------------------------++-------
Melee: Dagger            ||    97
  Use: Potion            ||     2
 Stab: Sleeping          ||    11
       Distracted        ||     2
Armor: Robe              ||    14
       Leather armour    ||    10
Dodge: Dodged            ||    84
